 Dungeon Crawl Stone Soup version 0.26-a0-21-gf97e55dc39 (webtiles) character file.

Game seed: 11438882150589167378, levelgen mode: deterministic

63 Esekla the Grasshopper (level 4, 0/29 HPs)
             Began as an Octopode Warper on May 26, 2020.
             Slain by a gnoll
             ... wielding a +0 spear
              (5 damage)
             ... on level 2 of the Dungeon.
             The game lasted 00:07:47 (2181 turns).

Esekla the Grasshopper (Octopode Warper)            Turns: 2181, Time: 00:07:48

Health: 0/29       AC:  1    Str: 10    XL:     4   Next: 10%
Magic:  7/7        EV: 14    Int: 15    God:
Gold:   73         SH:  0    Dex: 12    Spells: 3/7 levels left

rFire    . . .     SeeInvis .   a - +0 falchion
rCold    . . .     Gourm    .   (no shield)
rNeg     . . .     Faith    .   (helmet restricted)
rPois    .         Spirit   .   (no amulet)
rElec    .         Reflect  .   g - ring of attention (curse)
rCorr    .         Harm     .   (no ring)
MR       .....                  (no ring)
Stlth    ++........             (no ring)
HPRegen  0.09/turn              (no ring)
MPRegen  0.10/turn              (no ring)
                                (no ring)
                                (no ring)

@: no status effects
A: almost no armour, stealthy swim, amphibious, 8 rings, constrict 8, camouflage
1, gelatinous body 1
a: no special abilities


You were on level 2 of the Dungeon.
You were not hungry.

You visited 1 branch of the dungeon, and saw 2 of its levels.

You collected 73 gold pieces.

Inventory:

Hand Weapons
 a - a +0 falchion (weapon)
Missiles
 d - 5 boomerangs of dispersal (quivered)
 i - 4 boomerangs
Jewellery
 g - a cursed ring of attention (left tentacle)
 h - an uncursed ring of teleportation
Scrolls
 c - a scroll of blinking
 e - a scroll of enchant armour {unknown}
Potions
 b - 2 potions of curing
 j - a potion of degeneration {unknown}
 k - a potion of haste {unknown}
 l - a potion of stabbing
Comestibles
 f - 4 rations


   Skills:
 + Level 2.2 Fighting
 * Level 3.0 Long Blades
 - Level 1.0 Throwing
 * Level 2.7 Dodging
 + Level 1.2 Stealth
 + Level 2.0 Spellcasting
 * Level 1.1 Charms
 * Level 3.2 Translocations


You had 3 spell levels left.
You knew the following spells:

 Your Spells              Type           Power        Failure   Level  Hunger
a - Shroud of Golubria    Chrm/Tloc      #.....       14%         2    ###....
b - Blink                 Tloc           N/A          9%          2    ###....

Your spell library contained the following spells:

 Spells                   Type           Power        Failure   Level  Hunger
 Gell's Gravitas          Tloc           ##........   17%         3    ###....
 Lesser Beckoning         Tloc           ##........   17%         3    ###....
 Teleport Other           Tloc           ##......     17%         3    ###....
 Passage of Golubria      Tloc           N/A          50%         4    #####..


Dungeon Overview and Level Annotations

Branches:
Dungeon (2/15)

Altars:
Xom


Innate Abilities, Weirdness & Mutations

You cannot wear most types of armour.
You are very stealthy in the water. (Stealth+)
You are amphibious.
You can wear up to eight rings at the same time.
You can use your tentacles to constrict eight enemies at once.
Your skin changes colour to match your surroundings (Stealth+).
Your rubbery body absorbs attacks. (AC +1, EV +1)


Message History

The gnoll barely misses you.
The goblin shouts!
You closely miss the gnoll. Your grab misses the gnoll.
The gnoll barely misses you. The gnoll closely misses you.
You hit the gnoll. You grab the gnoll.
The gnoll is moderately wounded.
You constrict the gnoll. The gnoll hits you.
* * * LOW HITPOINT WARNING * * *
The gnoll closely misses you.
You release your grip on the gnoll.
The gnoll shouts!
The gnoll hits you but does no damage.
You hit the gnoll. Your grab misses the gnoll.
The gnoll is severely wounded.
The gnoll barely misses you.
You riposte.
You hit the gnoll.
You kill the gnoll!
Your Long Blades skill increases to level 3!
You have reached level 4!
The gnoll hits you from afar with a +0 spear.
You die...

..#.# #.# .#.###.#
...##.#### #..##.##.##
#..##.#...## ###
##..##......#######.##
#......#.†.........#.#
#.#.#g###..########.##
#(#.g..@...# #.#
#.###.###.## #.#
#.....###'## #.#
########...## #.#
##.....## #.# ##
##.......## ##.###.
#.........####...#..
+.........'.........
#....†....####...#..


You could see 2 gnolls.

Vanquished Creatures
  An adder (D:2)
  A gnoll (D:2)
  An ooze (D:2)
  A dart slug (D:1)
  8 hobgoblins
  2 jackals (D:1)
  4 kobolds (D:1)
  A ball python (D:2)
  5 bats
  3 frilled lizards
  7 goblins (D:1)
  2 rats
36 creatures vanquished.

Notes
Turn   | Place    | Note
-------+----------+-------------------------------------------
     0 | D:1      | Esekla the Octopode Warper began the quest for the Orb.
     0 | D:1      | Reached XP level 1. HP: 14/14 MP: 3/3
   436 | D:1      | Found a shimmering altar of Xom.
   495 | D:1      | Reached XP level 2. HP: 13/19 MP: 5/5
   503 | D:1      | Learned a level 2 spell: Shroud of Golubria
   506 | D:1      | Learned a level 2 spell: Blink
  1197 | D:1      | Reached XP level 3. HP: 23/24 MP: 6/6
  1920 | D:2      | Reached skill level 1 in Stealth
  2009 | D:2      | Reached skill level 1 in Charms
  2181 | D:2      | Reached XP level 4. HP: 5/29 MP: 7/7
  2181 | D:2      | Slain by a gnoll

Illustrated notes

Levels and vault maps discovered:
D:1:      dpeg_arrival_tiny_d, layout_basic, xom_teletrap_fun
D:2:      layout_loops_corners, first_ration

Skill      XL: |  1  2  3 |
---------------+----------+-----
Stealth        | 1 |  1.2
Charms         | 1 |  1.1
Long Blades    | 3 |  3.0
Fighting       | |  2.2
Throwing       | |  1.0
Dodging        | |  2.7
Spellcasting   | |  2.0
Translocations | |  3.2

Action                   |  1- 3 |  4- 6 || total
-------------------------+-------+-------++-------
Melee: Falchion          |    70 |       ||    70
       Constrict         |    17 |       ||    17
       Tentacles         |    12 |       ||    12
 Cast: Shroud of Golubri |     2 |       ||     2
  Use: Scroll            |     3 |       ||     3
 Stab: Sleeping          |     6 |       ||     6
  Eat: Chunk             |     4 |       ||     4
Armor: Skin              |     3 |       ||     3
Dodge: Dodged            |    51 |       ||    51
       Rpst.: Falchion   |    16 |       ||    16

Table legend:
 A = Non-vault XP
 B = Vault XP
 C = Vault XP percentage of total XP
 D = Non-vault monster count
 E = Vault monster count
 F = Vault count percentage of total count
                 A         B        C        D         E       F
            +---------+---------+-------+---------+---------+-------
      Total |      91 |       0 |   0.0 |      36 |       0 |   0.0
            +---------+---------+-------+---------+---------+-------
        D:1 |      43 |       0 |   0.0 |      25 |       0 |   0.0
        D:2 |      48 |       0 |   0.0 |      11 |       0 |   0.0
            +---------+---------+-------+---------+---------+-------
